 Dungeon Crawl Stone Soup version 0.29-a0-925-g0a7a3d12f8 (webtiles) character file.

Game seed: 7379550291867640558

67 zeratav the Ruffian (level 4, -7/44 HPs)
             Began as a Troll Fighter on July 30, 2022.
             Mangled by Terence
             ... wielding a +4 flail of venom
              (11 damage)
             ... on level 3 of the Dungeon.
             The game lasted 00:03:06 (1396 turns).

zeratav the Ruffian (Troll Fighter)                 Turns: 1396, Time: 00:03:06

Health: -7/44      AC:  5    Str: 26    XL:     4   Next: 0%
Magic:  3/3        EV:  8    Int:  4    God:
Gold:   91         SH:  7    Dex:  9    Spells: 3/3 levels left

rFire   . . .      SeeInvis .     - Unarmed
rCold   . . .      Faith    .   b - +0 kite shield
rNeg    . . .      Spirit   .   a - +0 robe
rPois   .          Reflect  .   (helmet restricted)
rElec   .          Harm     .   n - +0 cloak
rCorr   .          Rampage  .   (gloves unavailable)
Will    .....                   (boots unavailable)
Stlth   +.........              (no amulet)
HPRegen 0.94/turn               (no ring)
MPRegen 0.08/turn               (no ring)

@: mighty, lethally poisoned (-7 -> -15)
A: large, unfitting armour, claws 3, regeneration 1, shaggy fur 1, tough skin 1
a: no special abilities


You were on level 3 of the Dungeon.
You visited 1 branch of the dungeon, and saw 3 of its levels.

You collected 113 gold pieces.
You spent 22 gold pieces at shops.


Innate Abilities, Weirdness & Mutations

You are too large for most types of armour.
You have claws for hands.
Your natural rate of healing is unusually fast.
You are covered in fur. (AC +1)
You have tough skin. (AC +1)


   Skills:
 - Level 2.4 Fighting
 - Level 2.4 Dodging
 - Level 2.6 Shields
 + Level 4.3 Unarmed Combat


You had 3 spell levels left.
You didn't know any spells.
Your spell library was empty.

Inventory:

Missiles
 f - a curare-tipped dart (quivered) {=fthrowing}
 g - 6 poisoned darts {throwing}
 h - 4 large rocks {=fthrowing}
Armour
 a - a +0 robe (worn)
 b - a +0 kite shield (worn)
 n - a +0 cloak (worn)
   (You found it on level 2 of the Dungeon)
Scrolls
 e - 2 scrolls of enchant weapon
 j - a scroll of immolation {!r!r}
 l - 2 scrolls of identify {@r1}
Potions
 d - a potion of brilliance
 k - a potion of lignification {unknown}
 m - a potion of resistance {unknown}
 o - a potion of cancellation {unknown}

Dungeon Overview and Level Annotations

Branches:
Dungeon (3/15) Zot: 16592

Altars:
Sif Muna
Xom

Shops:
D:1 ?

Annotations:
D:3 Terence

.# ..# .. ..# #.#..#
.# ((..###.# (.......#
#.###g....# .
#....@....+ #
#.#####@....#
#...........#
################.....#
.................>####
...################
...# ...# ...# ####


You could see Terence and a hobgoblin.


Message History

A hobgoblin comes into view.
You completely miss the hobgoblin. The hobgoblin barely misses you.
You claw the hobgoblin!
You kill the hobgoblin!
You have reached level 4!
HP[+8] MP[+1]
You now have 44 max hp (+8).
Your hp is fully restored (44).
Your mp is fully restored (3).
Found a stone staircase leading down.
No target in view!
You now have 91 gold pieces (gained 9).
Terence the Incautious comes into view.
He is wielding a +4 flail of venom and wearing a +1 chain mail of poison resistance.
Terence shouts!
Throw: 6 darts (curare) {=fthrowing}
Press: ? - help, Q - select action, (/) - cycle Shift-Dir - straight line, f - Terence
Aim: Terence, wielding a +4 flail of venom and wearing a +1 chain mail of poison resistance (62% to hit)
You throw a curare-tipped dart {=fthrowing}.
The curare-tipped dart {=fthrowing} hits Terence.
Throw: 5 darts (curare) {=fthrowing}
Press: ? - help, Q - select action, (/) - cycle Shift-Dir - straight line, f/p - Terence
Aim: Terence, wielding a +4 flail of venom and wearing a +1 chain mail of poison resistance (62% to hit)
You throw a curare-tipped dart {=fthrowing}.
The curare-tipped dart {=fthrowing} hits Terence.
Throw: 4 darts (curare) {=fthrowing}
Press: ? - help, Q - select action, (/) - cycle Shift-Dir - straight line, f/p - Terence
Aim: Terence, wielding a +4 flail of venom and wearing a +1 chain mail of poison resistance (62% to hit)
You throw a curare-tipped dart {=fthrowing}.
The curare-tipped dart {=fthrowing} closely misses Terence.
Throw: 3 darts (curare) {=fthrowing}
Press: ? - help, Q - select action, (/) - cycle Shift-Dir - straight line, f/p - Terence
Aim: Terence, wielding a +4 flail of venom and wearing a +1 chain mail of poison resistance (62% to hit)
You throw a curare-tipped dart {=fthrowing}.
The curare-tipped dart {=fthrowing} hits Terence.
Terence hits you with a +4 flail of venom.
You are poisoned.
Terence closely misses you.
HP[-4]
You take 4 damage, and now have 40/44 hp.
Throw: 2 darts (curare) {=fthrowing}
Press: ? - help, Q - select action, (/) - cycle Shift-Dir - straight line, f/p - Terence
Aim: Terence, wielding a +4 flail of venom and wearing a +1 chain mail of poison resistance (62% to hit)
You throw a curare-tipped dart {=fthrowing}.
The curare-tipped dart {=fthrowing} hits Terence.
You feel very sick. You block Terence's attack.
HP[-2]
You take 2 damage, and now have 38/44 hp.
You scratch Terence.
You feel sick.
Terence hits you with a +4 flail of venom.
HP[-5]
You take 5 damage, and now have 33/44 hp.
You barely miss Terence.
You feel sick.
Terence hits you with a +4 flail of venom!
* * * LOW HITPOINT WARNING * * *
HP[-13]
You take 13 damage, and now have 20/44 hp.
MASSIVE DAMAGE!! (PAUSE)
You scratch Terence but do no damage.
You feel sick.
Terence hits you with a +4 flail of venom!
* * * LOW HITPOINT WARNING * * *
HP[-7]
You take 7 damage, and now have 13/44 hp.
You feel very mighty all of a sudden.
You feel sick. You block Terence's attack.
A hobgoblin comes into view.
Unknown command.
You scratch Terence but do no damage.
You feel sick. You block Terence's attack.
You scratch Terence.
You feel sick.
Terence hits you with a +4 flail of venom!
* * * LOW HITPOINT WARNING * * *
You are lethally poisoned!
HP[-9]
You take 9 damage, and now have 4/44 hp.
MASSIVE DAMAGE!! (PAUSE) It was a potion of heal wounds.
You feel much better.
You feel very sick.
Terence hits you with a +4 flail of venom!
* * * LOW HITPOINT WARNING * * *
You are lethally poisoned!
HP[+14]
You regained 14 hp, and now have 18/44 hp.
You scratch Terence.
* * * LOW HITPOINT WARNING * * *
You feel extremely sick. You block Terence's attack.
HP[-6]
You take 6 damage, and now have 12/44 hp.
You barely miss Terence.
* * * LOW HITPOINT WARNING * * *
You feel very sick. Terence closely misses you.
HP[-4]
You take 4 damage, and now have 8/44 hp.
You claw Terence!
* * * LOW HITPOINT WARNING * * *
You feel very sick.
Terence asks, "Do you want it fast or slow?"
Terence hits you with a +4 flail of venom!
You die...

Skill      XL: |  1  2  3 |
---------------+----------+-----
Unarmed Combat | 3 4 |  4.3
Fighting       | |  2.4
Dodging        | |  2.4
Shields        | |  2.6

Action                   |  1- 3 |  4- 6 || total
-------------------------+-------+-------++-------
Melee: Unarmed           |   101 |     8 ||   109
Throw: Dart              |     1 |     5 ||     6
  Use: Scroll            |     4 |       ||     4
       Potion            |       |     2 ||     2
 Stab: Sleeping          |     1 |       ||     1
Armor: Robe              |    43 |       ||    43
Dodge: Dodged            |    24 |     2 ||    26
Block: Kite shield       |    25 |     4 ||    29

Levels and vault maps discovered:
D:1:      dpeg_arrival_court, layout_loops_ring, serial_shops,
          nicolae_shop_hallway_stairs, minmay_pentomino_q4
D:2:      layout_rooms, basic_altar, shapermc_ecumenical_altar_pompeii,
          minmay_misc_feat_chi
D:3:      layout_basic, general_overflow_altar, chequers_serial_rivers_small_3,
          uniq_terence

Notes
Turn   | Place    | Note
-------+----------+-------------------------------------------
     0 | D:1      | zeratav the Troll Fighter began the quest for the Orb.
     0 | D:1      | Reached XP level 1. HP: 22/22 MP: 0/0
     0 | D:1      | magus.rc [v1.9.6]
   124 | D:1      | Reached XP level 2. HP: 29/29 MP: 1/1
   129 | D:1      | Reached skill level 3 in Unarmed Combat
   389 | D:1      | Reached XP level 3. HP: 36/36 MP: 2/2
   534 | D:1      | Found Dobba's Magic Scroll Shoppe.
   542 | D:1      | Bought a scroll of identify for 22 gold pieces
   826 | D:2      | Found a shimmering blue altar of Sif Muna.
   879 | D:2      | Found a faded altar of an unknown god.
   894 | D:2      | Reached skill level 4 in Unarmed Combat
  1230 | D:3      | Found a shimmering altar of Xom.
  1360 | D:3      | Reached XP level 4. HP: 44/44 MP: 3/3
  1380 | D:3      | Noticed Terence
  1392 | D:3      | HP: 4/44 [Terence/+4 flail of venom (9)]
  1396 | D:3      | Mangled by Terence

Vanquished Creatures
  An adder (D:2)
  A gnoll (D:1)
  2 worms (D:2)
  2 dart slugs
  3 endoplasms (D:1)
  2 giant cockroaches
  4 hobgoblins
  2 jackals (D:1)
  3 kobolds (D:2)
  5 bats
  5 frilled lizards
  8 goblins
  A rat (D:2)
39 creatures vanquished.

Table legend:
 A = Non-vault XP
 B = Vault XP
 C = Vault XP percentage of total XP
 D = Non-vault monster count
 E = Vault monster count
 F = Vault count percentage of total count
                 A         B        C        D         E       F
            +---------+---------+-------+---------+---------+-------
      Total |      87 |      10 |  10.3 |      35 |       4 |  10.3
            +---------+---------+-------+---------+---------+-------
        D:1 |      34 |      10 |  22.7 |      13 |       4 |  23.5
        D:2 |      44 |       0 |   0.0 |      16 |       0 |   0.0
        D:3 |       9 |       0 |   0.0 |       6 |       0 |   0.0
            +---------+---------+-------+---------+---------+-------

Illustrated notes

Table legend:
 A = Kills in this place as a percentage of kills in entire the game.
 B = Kills by you in this place as a percentage of kills by you in the entire game.
 C = Kills by friends in this place as a percentage of kills by friends in the entire game.
 D = Other kills in this place as a percentage of other kills in the entire game.
 E = Experience gained in this place as a percentage of experience gained in the entire game.
 F = Experience gained in this place divided by the number of levels of this place that you have seen.
                   A       B       C       D       E      F
               +-------+-------+-------+-------+-------+----------------------
         Total | 100.0 | 100.0 |   N/A |   N/A | 100.0 |  32.3
       Dungeon | 100.0 | 100.0 |   N/A |   N/A | 100.0 |  32.3
               +-------+-------+-------+-------+-------+----------------------

Table legend: (Time is in decaauts)
 A = Elapsed time spent in this place.
 B = Non-inter-level travel time spent in this place.
 C = Inter-level travel time spent in this place.
 D = Time resting spent in this place.
 E = Time spent auto-exploring this place.
 F = Levels seen in this place.
 G = Mean time per level.
                   A        B        C        D        E       F      G
               +--------+--------+--------+--------+--------+-----+--------+
         Total |   1406 |   1334 |     72 |      0 |   1050 |   3 |  468.7 |
       Dungeon |   1406 |   1334 |     72 |      0 |   1050 |   3 |  468.7 |
               +--------+--------+--------+--------+--------+-----+--------+

Top non-repeatable levels by time:
     D:1: 714 daAuts
     D:2: 506 daAuts
     D:3: 185 daAuts
